 Dungeon Crawl Stone Soup version 0.22-a0-558-gc224181 (webtiles) character file.

3427 inc the Fighter (level 10, -1/118 HPs)
             Began as an Ogre Hunter on June 26, 2018.
             Was a Priest of Okawaru.
             Slain by a killer bee zombie (3 damage)
             ... on level 8 of the Dungeon.
             The game lasted 00:15:36 (9437 turns).

inc the Fighter (Ogre Hunter)                       Turns: 9437, Time: 00:15:36

Health: -1/118     AC:  8    Str: 21    XL:     10   Next: 5%
Magic:  12/12      EV: 10    Int: 12    God:    Okawaru [***...]
Gold:   63         SH:  0    Dex:  9    Spells: 9/9 levels left

rFire    . . .     SeeInvis .   v - -3 giant club (curse)
rCold    . . .     Gourm    .   (shield currently unavailable)
rNeg     . . .     Faith    +   u - +2 robe "Ushril" {MR+}
rPois    .         Spirit   .   (helmet restricted)
rElec    .         Reflect  .   (no cloak)
rCorr    .         Harm     .   (gloves unavailable)
MR       ++...                  (boots unavailable)
Stlth    +.........             D - amulet of faith
HPRegen  0.29/turn              (no ring)
MPRegen  0.13/turn              q - +3 ring of protection

@: no status effects
A: large, unfitting armour, tough skin 1
a: Heroism, Renounce Religion


You were on level 8 of the Dungeon.
You worshipped Okawaru.
Okawaru was most pleased with you.
You were hungry.

You visited 1 branch of the dungeon, and saw 8 of its levels.
You also visited: Sewer.

You collected 503 gold pieces.
You spent 440 gold pieces at shops.

Inventory:

Hand Weapons
 a - a +0 short sword
 e - a +0 whip
 v - a cursed -3 giant club (weapon)
 y - a +2 whip of venom
 C - a +0 giant spiked club
Missiles
 l - 2 throwing nets (quivered)
Armour
 b - a +0 robe
 k - a +0 robe of fire resistance
 u - the +2 robe "Ushril" (worn) {MR+}
   (You found it on level 4 of the Dungeon)

   It affects your resistance to hostile enchantments.
Jewellery
 i - an uncursed ring of fire
 p - an uncursed amulet of the acrobat
 q - a +3 ring of protection (right hand)
 D - an amulet of faith (around neck)
Wands
 d - a wand of flame (37)
 A - a wand of polymorph (18)
Scrolls
 g - 2 scrolls of amnesia
 j - 4 scrolls of teleportation {unknown}
 o - 2 scrolls of magic mapping {unknown}
 w - 2 scrolls of blinking
 z - a scroll of fog
 B - a scroll of enchant weapon {unknown}
Potions
 h - 2 potions of might
 n - 3 potions of curing
 r - a potion of degeneration
 s - a potion of mutation
Comestibles
 f - 13 rations


   Skills:
 - Level 12.6 Fighting
 + Level 8.4 Maces & Flails
 - Level 4.0 Throwing
 - Level 1.7 Dodging
 - Level 0.6 Stealth
 - Level 3.6 Invocations


You had 9 spell levels left.
You didn't know any spells.
Your spell library was empty.

Dungeon Overview and Level Annotations

Branches:
Dungeon (8/15)             Temple (0/1) D:4
   Lair: D:8-11

Altars:
Ashenzari
Cheibriados
Fedhas
Gozag
Hepliaklqana
Kikubaaqudgha
Nemelex Xobeh
Okawaru
Qazlal
Trog
Vehumet
Yredelemnul
Zin
The Shining One

Shops:
D:5 =

Annotations:
D:7 Dowan
D:8 Maurice


Innate Abilities, Weirdness & Mutations

You are too large for most types of armour.
You have tough skin. (AC +1)


Message History

A bolt of acid appears from out of thin air!
The bolt of acid hits you!
* * * LOW HITPOINT WARNING * * *
The acid corrodes you!
You are splashed with acid!
The acid burns!
* * * LOW HITPOINT WARNING * * *
The killer bee zombie hits you.
* * * LOW HITPOINT WARNING * * *
It was a potion of flight.
You feel very buoyant.
You fly up into the air.
The killer bee zombie hits you.
* * * LOW HITPOINT WARNING * * *
Something hits you.
* * * LOW HITPOINT WARNING * * *
Something steals your potion of resistance!
It was a potion of cancellation.
Your magical effects are unravelling.
You feel magically purged.
You float gracefully downwards.
You are no longer corroded.
The killer bee zombie misses you. The killer bee zombie hits you.
You die...

..# #.#######.....##
#.#####.##...........#
.................<...#
....###.##...........######.
............................
....###.##...........######
..........>.................
##.#.................#######
.#.#######..###.@..#####
.#.......#......Z......#
.#######.#.####....###.####
.....###.#.# #....# #....###
.###.....#.# #....# #.##...#
.........#.# #....# #......#
.........#.# #....###......#
.........#.####....##..._..##
...................##......#


You could see a killer bee zombie.

Vanquished Creatures
  Joseph (D:8)
  A hippogriff (D:8)
  Sigmund (D:2)
  Menkaure (D:7)
  A hungry ghost (D:7)
  A sky beast (D:7)
  4 ogres
  A centaur (D:7)
  3 big kobolds (Sewer)
  4 bullfrogs
  A wyvern zombie (D:6)
  A scorpion (D:8)
  2 howler monkeys (D:4)
  A centaur zombie (D:7)
  A crimson imp (D:6)
  3 hounds
  3 centaur skeletons
  4 orc priests
  An iguana (D:6)
  6 orc wizards
  3 worker ants
  Ijyb (D:4)
  2 hound zombies
  A worker ant zombie (D:7)
  17 adders
  4 gnolls (D:2)
  6 river rats
  2 shadow imps
  5 oozes
  9 worms
  A dart slug (D:3)
  2 leopard geckos
  18 orcs
  A ball python (Sewer)
  6 giant cockroaches
  3 goblins
  7 hobgoblins
  3 jackals (D:1)
  14 kobolds
  9 bats
  A frilled lizard (D:2)
  A quokka skeleton (D:6)
  17 rats
174 creatures vanquished.

Notes
Turn   | Place    | Note
-------+----------+-------------------------------------------
     0 | D:1      | inc the Ogre Hunter began the quest for the Orb.
     0 | D:1      | Reached XP level 1. HP: 22/22 MP: 1/1
   115 | D:1      | Reached skill level 3 in Fighting
   382 | D:1      | Reached XP level 2. HP: 31/31 MP: 2/2
   572 | D:1      | Reached skill level 1 in Maces & Flails
   848 | D:1      | Reached XP level 3. HP: 27/37 MP: 3/3
  1815 | D:2      | Reached XP level 4. HP: 45/45 MP: 4/4
  2375 | D:2      | Noticed Sigmund
  2382 | D:2      | Killed Sigmund
  2382 | D:2      | Reached skill level 5 in Maces & Flails
  2382 | D:2      | Reached XP level 5. HP: 53/53 MP: 5/5
  2382 | D:2      | Reached XP level 6. HP: 61/61 MP: 6/6
  3017 | D:3      | Found a sparkling altar of Nemelex Xobeh.
  3225 | D:3      | Found a bloodstained altar of Trog.
  3237 | D:3      | Found a shattered altar of Ashenzari.
  3668 | D:3      | Reached XP level 7. HP: 63/67 MP: 7/7
  3934 | D:3      | Found an iron altar of Okawaru.
  4025 | D:3      | Became a worshipper of Warmaster Okawaru
  4168 | D:4      | Noticed Ijyb
  4246 | D:4      | Killed Ijyb
  4512 | D:4      | Found a staircase to the Ecumenical Temple.
  4555 | D:4      | Got a brightly glowing robe
  4566 | D:4      | Identified the +2 robe "Ushril" {MR+} (You found it on level 4 of the Dungeon)
  4567 | D:4      | Found a radiant altar of Vehumet.
  4956 | D:4      | Reached * piety under Okawaru
  4956 | D:4      | Reached XP level 8. HP: 75/75 MP: 8/8
  4972 | D:4      | Found an opulent altar of Gozag.
  4972 | D:4      | Found a glowing silver altar of Zin.
  5087 | D:5      | Entered Level 5 of the Dungeon
  5355 | D:5      | Found a stormy altar of Qazlal.
  5666 | D:5      | Found a glowing drain.
  5675 | Sewer    | Entered a sewer
  5707 | Sewer    | Reached skill level 4 in Fighting
  5731 | Sewer    | Reached skill level 5 in Fighting
  6073 | Sewer    | Reached skill level 6 in Fighting
  6456 | D:5      | Found Halidifi's Jewellery Boutique.
  6560 | D:5      | Reached ** piety under Okawaru
  6560 | D:5      | Reached skill level 7 in Fighting
  7095 | D:6      | Reached skill level 8 in Fighting
  7445 | D:6      | Reached XP level 9. HP: 51/97 MP: 9/9
  7600 | D:7      | Noticed Menkaure
  7615 | D:7      | Killed Menkaure
  7615 | D:7      | Reached skill level 9 in Fighting
  7930 | D:7      | Reached skill level 1 in Invocations
  7996 | D:7      | Found an ancient bone altar of Kikubaaqudgha.
  8027 | D:7      | Found a hazy altar of Hepliaklqana.
  8105 | D:7      | Found a snail-covered altar of Cheibriados.
  8159 | D:7      | Reached skill level 10 in Fighting
  8723 | D:7      | Noticed Dowan
  8928 | D:5      | Bought an uncursed amulet of faith for 440 gold pieces
  9069 | D:8      | Found a blossoming altar of Fedhas.
  9144 | D:8      | Noticed Joseph
  9151 | D:8      | Killed Joseph
  9151 | D:8      | Reached skill level 11 in Fighting
  9166 | D:8      | Found a glowing golden altar of the Shining One.
  9169 | D:8      | Noticed an angel
  9177 | D:8      | Reached *** piety under Okawaru
  9177 | D:8      | Reached skill level 12 in Fighting
  9278 | D:8      | Reached XP level 10. HP: 117/118 MP: 12/12
  9359 | D:8      | Found a basalt altar of Yredelemnul.
  9362 | D:8      | Noticed a profane servitor
  9388 | D:8      | Noticed Maurice
  9436 | D:8      | HP: 2/118 [something (4)]
  9437 | D:8      | Slain by a killer bee zombie

Vault maps used:
D:1:      dpeg_arrival_lava_temple_mockup
D:2:      cheibrodos_pilgrimage, uniq_sigmund
D:3:      lemuel_upstairs_altar, gammafunk_temple_overflow_statue,
          nemelex_altar_shiori, first_ration, cheibrodos_ashenzari_chains
D:4:      grunt_temple_overflow_gold_and_silver, minmay_temple_entry_junction,
          vehumet_altar_wand_db, uniq_ijyb
D:5:      nicolae_qazlal_eye_of_the_storm, serial_shops, shop,
          lightli_sewer_entry_pipes
D:7:      cheibrodos_worm_habitat, overflow_temple_1_default,
          kennysheep_little_box, uniq_duvessa, uniq_menkaure
D:8:      grunt_temple_overflow_holy_war, elyvilon_altar_5, basic_altar,
          grunt_pizzeria, uniq_joseph, uniq_maurice
Sewer:    sewer_co_tree

Skill      XL: |  1  2  3  4  5  6  7  8  9 |
---------------+----------------------------+-----
Fighting       | 3 8 12 | 12.6
Maces & Flails | 1 2 5 6 7 8 |  8.4
Invocations    | 3 |  3.6
Throwing       | |  4.0
Dodging        | |  1.7
Stealth        | |  0.6

Action                   |  1- 3 |  4- 6 |  7- 9 | 10-12 || total
-------------------------+-------+-------+-------+-------++-------
Melee: Short sword       |    26 |       |       |       ||    26
       Whip              |   114 |   149 |   418 |       ||   681
       Giant club        |       |       |    99 |       ||    99
Throw: Large rock        |     9 |    21 |    23 |     5 ||    58
       Throwing net      |       |       |     2 |       ||     2
Invok: Heroism           |       |       |    10 |       ||    10
  Use: Potion            |       |       |     2 |     2 ||     4
       Scroll            |       |       |     9 |       ||     9
 Stab: Sleeping          |     1 |       |     3 |       ||     4
  Eat: Ration            |     1 |       |     2 |       ||     3
       Chunk             |       |     6 |    15 |       ||    21
Armor: Robe              |    58 |    36 |   142 |     3 ||   239
Dodge: Dodged            |   106 |    59 |   194 |     7 ||   366

Table legend:
 A = Spawn XP
 B = Non-spawn XP
 C = Spawn XP percentage of total XP
 D = Spawn monster count
 E = Non-spawn monster count
 F = Spawn count percentage of total count
 G = Total turns spent on level
                    A         B        C        D         E        F      G
               +---------+---------+-------+---------+---------+-------+---------
         Total |       0 |    4896 |   0.0 |       0 |     174 |   0.0 |  9437
               +---------+---------+-------+---------+---------+-------+---------
           D:1 |       0 |      47 |   0.0 |       0 |      25 |   0.0 |  1857
           D:2 |       0 |     461 |   0.0 |       0 |      26 |   0.0 |  1026
           D:3 |       0 |     112 |   0.0 |       0 |      19 |   0.0 |  1164
           D:4 |       0 |     612 |   0.0 |       0 |      14 |   0.0 |  1040
           D:5 |       0 |     524 |   0.0 |       0 |      28 |   0.0 |  1333
           D:6 |       0 |     233 |   0.0 |       0 |       8 |   0.0 |   711
           D:7 |       0 |    1239 |   0.0 |       0 |      21 |   0.0 |  1369
           D:8 |       0 |    1253 |   0.0 |       0 |       5 |   0.0 |   404
         Sewer |       0 |     415 |   0.0 |       0 |      28 |   0.0 |   533
               +---------+---------+-------+---------+---------+-------+---------
